 Dungeon Crawl Stone Soup version 0.17-a0-877-ga10078a (webtiles) character file.

102 nubinia the Sneak (level 4, -1/28 HPs)
             Began as an Octopode Earth Elementalist on Apr 30, 2015.
             Slain by an orc
             ... wielding a +0 trident
              (6 damage)
             ... on level 3 of the Dungeon.
             The game lasted 00:13:31 (3852 turns).

nubinia the Sneak (Octopode Earth Elementalist)     Turns: 3852, Time: 00:13:31

Health: -1/28      AC:  1    Str:  7    XL:     4   Next: 77%
Magic:  0/8        EV: 13    Int: 17    God:
Gold:   96         SH:  0    Dex: 13    Spells: 3 memorised, 2 levels left

rFire  . . .     SeeInvis .     a - 74 stones
rCold  . . .     Clarity  .     (no shield)
rNeg   . . .     SustAb   .     (helmet restricted)
rPois  .         Gourm    .     (no amulet)
rElec  .         Spirit   .     (no ring)
rCorr  .         Warding  .     (no ring)
rMut   .         Stasis   .     (no ring)
MR     .....                    (no ring)
Stlth  ++++......               (no ring)
                                (no ring)
                                (no ring)
                                (no ring)

@: not resistant to hostile enchantments, stealthy
A: almost no armour, amphibious, 8 rings, constrict 8, camouflage 1, gelatinous
body 1
a: no special abilities


You were on level 3 of the Dungeon.
You were not hungry.

You visited 1 branch of the dungeon, and saw 3 of its levels.

You collected 96 gold pieces.

Inventory:

Missiles
 a - 74 stones (in tentacle)
Scrolls
 e - a scroll of identify {unknown}
Books
 b - a book of Geomancy

   Spells                             Type                      Level
   a - Sandblast                      Earth                        1
   b - Stoneskin                      Transmutation/Earth          2
   c - Passwall                       Transmutation/Earth          3
   d - Stone Arrow                    Conjuration/Earth            3
   e - Petrify                        Transmutation/Earth          4
   f - Lee's Rapid Deconstruction     Earth                        5
Comestibles
 c - 2 bread rations
 d - a chunk of flesh
 f - a slice of pizza


   Skills:
 + Level 1.0 Fighting
 + Level 2.7 Dodging
 + Level 3.8 Stealth
 + Level 0.8 Unarmed Combat
 + Level 2.7 Spellcasting
 + Level 1.0 Transmutations
 + Level 3.5 Earth Magic


You had 2 spell levels left.
You knew the following spells:

 Your Spells              Type           Power        Failure   Level  Hunger
a - Sandblast             Erth           ##....       4%          1    #......
b - Passwall              Trmt/Erth      ##........   24%         3    ###....
s - Stoneskin             Trmt/Erth      ##......     14%         2    ##.....


Dungeon Overview and Level Annotations

Branches:
Dungeon (3/15)

Altars:

Annotations:
D:2 Terence


Innate Abilities, Weirdness & Mutations

You cannot wear most types of armour.
You are amphibious.
You can wear up to eight rings at the same time.
You can use your tentacles to constrict eight enemies at once.
Your skin changes colour to match your surroundings (Stealth).
Your rubbery body absorbs attacks (AC +1).


Message History

Unknown command.
Unknown command.
Casting: Sandblast
Confirm with . or Enter, or press ? or * to list all spells.
Aiming: Sandblast
Press: ? - help, Shift-Dir - straight line, f/p - orc
Aim: an orc, wielding a war axe and wearing a ring mail The rocky blast hits the orc.
Unknown command.
Unknown command.
Unknown command.
Casting: Sandblast
Confirm with . or Enter, or press ? or * to list all spells.
Aiming: Sandblast
Press: ? - help, Shift-Dir - straight line, f/p - orc
Aim: an orc, wielding a war axe and wearing a ring mail The rocky blast hits the orc.
The orc is heavily wounded.
The orc hits you from afar with a trident.
You die...

##..# #.# #..##
#.# ##..# #.#
#..## #.# ##..#
#.#
#.>###.#####
##.#.#.....#
#.#.#####.#
#@#...# #.#
#o#.#.###.# .
#o#.#.....# #o
#.#.####### §.
#.#.#
#.#########.#.#
§.#.......#.#.#
#b#.......#.#.#
#.#.......#.#.#


You could see 2 orcs.

Vanquished Creatures
  3 adders (D:2)
  An ooze (D:2)
  3 worms (D:2)
  6 orcs
  2 ball pythons (D:1)
  3 bats
  5 giant cockroaches
  6 goblins
  10 hobgoblins
  2 quokkas
  7 kobolds
  3 rats
51 creatures vanquished.

Notes
Turn   | Place    | Note
--------------------------------------------------------------
     0 | D:1      | nubinia, the Octopode Earth Elementalist, began the quest for the Orb.
     0 | D:1      | Reached XP level 1. HP: 11/11 MP: 3/3
   510 | D:1      | Reached XP level 2. HP: 12/17 MP: 0/5
  1049 | D:1      | Learned a level 2 spell: Stoneskin
  1473 | D:2      | Noticed Terence
  1807 | D:2      | Reached XP level 3. HP: 16/21 MP: 3/6
  2386 | D:2      | Reached XP level 4. HP: 11/27 MP: 3/8
  2561 | D:2      | Reached skill level 1 in Fighting
  3060 | D:2      | Learned a level 3 spell: Passwall
  3852 | D:3      | Slain by an orc

Action                   |  1- 3 |  4- 6 || total
-------------------------+-------+-------++-------
Melee: Unarmed           |    90 |    39 ||   129
 Cast: Sandblast         |    29 |    34 ||    63
       Stoneskin         |     1 |     1 ||     2
       Passwall          |       |     1 ||     1
  Use: Scroll            |       |     2 ||     2
 Stab: Sleeping          |     5 |     3 ||     8
  Eat: Chunk             |     5 |     5 ||    10
